Manchots vs Influenza
(R1)
Created - 28 novembre 2013 at 18:59
Goals
|
| Manchots |
0 |
1 |
1 |
2 |
| Influenza |
1 |
0 |
2 |
3 |
|
Shots
|
| Manchots |
6 |
8 |
7 |
21 |
| Influenza |
11 |
13 |
7 |
31 |
|
1st period
1. Influenza , Cody McCormick 5 (Pierre-Cédric Labrie, Noah Welch) at 4:57 (PP)
Penalties :
Martin Hanzal (Out) for Hooking (Minor) at 3:33, Michael Del Zotto (Out) for Hooking (Minor) at 13:04, Ryan Carter (VJB) for Roughing (Minor) at 18:34
2nd period
2. Manchots , Ruslan Fedotenko 5 (Aaron Ward) at 3:56
Penalties :
Martin Hanzal (Out) for Hooking (Minor) at 11:26, Martin Hanzal (Out) for Roughing (Minor) at 16:40
3rd period
3. Influenza , Blake Comeau 11 (Ryan Carter) at 1:29
4. Manchots , Martin Hanzal 8 (Stanislav Neckar, Ruslan Fedotenko) at 17:01
5. Influenza , Ryan Vesce 12 (Ryan Russell, Noah Welch) at 17:13
Penalties :
Martin Hanzal (Out) for Tripping (Minor) at 2:18, Robbie Earl (VJB) for Slashing (Minor) at 8:52, Ryan Vesce (VJB) for Tripping (Minor) at 18:29
Goalie Stats
Sebastien Caron (Out), 28 saves from 31 shots - (0,903), L, 10-3-2, 60:00 minutes
Alex Stalock (VJB), 19 saves from 21 shots - (0,905), W, 3-2-0, 60:00 minutes
Players Stats for Manchots
Player Name G A P +/- PIM S H SB GA TA FO MP PP MP PK MP
------------------------------------------------------------------------------------
Aaron Ward 0 1 1 0 0 1 2 0 0 0 0/0 25:44 2:05 6:03
Alexander Radulov 0 0 0 -1 0 3 2 0 0 0 0/0 15:15 2:36 0:00
Bobby Butler 0 0 0 1 0 1 1 1 0 0 1/1 11:22 0:01 0:00
Bryan Allen 0 0 0 0 0 1 2 1 0 0 0/0 18:36 3:23 5:50
Cal Clutterbuck 0 0 0 0 0 0 3 0 0 1 0/1 6:12 0:00 0:00
Eric Gryba 0 0 0 0 0 0 2 0 0 1 0/0 12:47 0:00 3:17
Eric Tangradi 0 0 0 0 0 0 1 0 0 0 0/0 6:31 0:04 0:00
Jamie Benn 0 0 0 -1 0 1 1 0 0 0 0/0 15:57 2:36 0:41
Logan Couture 0 0 0 -1 0 0 0 0 0 0 5/16 18:30 2:36 2:59
Martin Hanzal 1 0 1 1 8 3 2 0 1 0 2/6 12:43 0:07 0:28
Michael Del Zotto 0 0 0 0 2 1 0 1 0 0 0/0 16:06 2:05 0:00
Pernell Karl Subban 0 0 0 0 0 1 4 1 2 2 0/0 24:39 3:23 0:13
Petr Sykora 0 0 0 0 0 0 1 0 0 1 1/2 22:48 2:48 5:28
Ruslan Fedotenko 1 1 2 1 0 2 2 1 0 0 0/1 14:56 0:00 3:23
Stanislav Neckar 0 1 1 0 0 1 1 1 0 0 0/0 22:07 0:00 3:17
Steven Stamkos 0 0 0 0 0 2 1 0 1 1 7/17 17:25 2:48 0:11
Tyler Ennis 0 0 0 0 0 3 1 0 1 0 1/1 17:14 2:48 0:00
Tyler Kennedy 0 0 0 0 0 1 0 0 0 0 8/11 11:43 0:00 5:30
Players Stats for Influenza
Player Name G A P +/- PIM S H SB GA TA FO MP PP MP PK MP
------------------------------------------------------------------------------------
Adam Berti 0 0 0 0 0 0 1 0 0 0 0/0 8:39 0:00 1:53
Alexander Sulzer 0 0 0 -1 0 0 2 0 0 0 0/0 21:02 3:42 2:26
Ben Smith 0 0 0 -1 0 3 6 0 0 0 0/0 15:15 2:18 0:00
Blake Comeau 1 0 1 1 0 5 2 0 2 0 3/5 22:00 4:57 3:13
Brian Salcido 0 0 0 0 0 0 0 1 0 0 0/0 10:53 0:00 0:00
Carl Gunnarsson 0 0 0 0 0 0 0 1 0 1 0/0 10:53 0:00 0:00
Cody McCormick 1 0 1 -1 0 5 1 0 0 0 11/13 18:33 4:23 0:32
Jamie McBain 0 0 0 -1 0 1 2 1 0 1 0/0 21:02 3:42 2:26
Marek Zagrapan 0 0 0 0 0 1 0 1 0 0 4/9 13:44 0:39 0:00
Martins Karsums 0 0 0 -1 0 3 0 0 2 1 0/1 18:52 4:23 0:51
Noah Welch 0 2 2 1 0 2 1 1 0 1 0/0 28:05 5:38 3:02
Pierre-Cédric Labrie 0 1 1 0 0 1 1 0 0 0 0/0 4:42 1:26 0:00
Robbie Earl 0 0 0 1 2 1 4 0 0 0 1/2 19:20 4:57 0:03
Ryan Carter 0 1 1 1 2 3 3 0 2 1 10/24 20:29 4:57 1:43
Ryan Russell 0 1 1 0 0 1 0 0 0 0 1/1 11:19 0:00 0:00
Ryan Vesce 1 0 1 0 2 5 1 0 0 0 0/0 11:47 0:00 0:29
Tim Gleason 0 0 0 1 0 0 2 1 0 0 0/0 28:05 5:38 3:02
Zac Dalpe 0 0 0 0 0 0 0 0 0 0 1/1 9:49 0:00 2:12
3 Stars
1 - Ruslan Fedotenko (Out)
2 - Blake Comeau (VJB)
3 - Noah Welch (VJB)
Power Play
Manchots - 0 on 3 Attempt(s) - 0,00%
Influenza - 1 on 5 Attempt(s) - 20,00%
Penalty Kill
Manchots - 4 on 5 Attempt(s) - 80,00%
- Score 0 goal in Penalty Kill
Influenza - 3 on 3 Attempt(s) - 100,00%
- Score 0 goal in Penalty Kill
Official
Referees : Rehman Kyle and Pollock Kevin
Linesman : Lyle Seitz and Brad Kovachik
Game Notes
Pierre-Cédric Labrie is injured at 14:41 of 1st period (Left Knee)
Finance
Level 1 -- Attendance: 1363 (68,15%) -- Ticket Income 47 705 $
Level 2 -- Attendance: 781 (78,10%) -- Ticket Income 11 715 $
Total Attendance: 2144 (71,47%)
Total Ticket Income: 59 420 $
Other Income: 2 971 $
Total Income: 62 391 $
Manchots
5 vs 5 Forward
Center Left Wing Right Wing Time % Phy DF OF
1 Steven Stamkos Tyler Ennis Petr Sykora 40 1 2 2
2 Logan Couture Jamie Benn Alexander Radulov 38 1 2 2
3 Martin Hanzal Ruslan Fedotenko Bobby Butler 20 1 2 2
4 Tyler Kennedy Eric Tangradi Cal Clutterbuck 2 1 2 2
5 vs 5 Defense
Defense Defense Time % Phy DF OF
1 Pernell Karl Subban Stanislav Neckar 40 1 2 2
2 Aaron Ward Michael Del Zotto 29 1 2 2
3 Bryan Allen Eric Gryba 18 1 2 2
4 Pernell Karl Subban Aaron Ward 13 1 2 2
PowerPlay Forward
Center Left Wing Right Wing Time % Phy DF OF
1 Steven Stamkos Tyler Ennis Petr Sykora 60 1 1 3
2 Logan Couture Jamie Benn Alexander Radulov 40 1 1 3
PowerPlay Defense
Defense Defense Time % Phy DF OF
1 Bryan Allen Pernell Karl Subban 60 1 1 3
2 Michael Del Zotto Aaron Ward 40 1 1 3
Penalty Kill 4 Players Forward
Center Wing Time % Phy DF OF
1 Tyler Kennedy Petr Sykora 60 1 2 2
2 Martin Hanzal Ruslan Fedotenko 40 1 2 2
Penalty Kill 4 Players Defense
Defense Defense Time % Phy DF OF
1 Bryan Allen Aaron Ward 60 1 2 2
2 Stanislav Neckar Eric Gryba 40 1 2 2
Penalty Kill - 3 Players Forward
Forward Time % Phy DF OF
1 Ruslan Fedotenko 60 1 2 2
2 Martin Hanzal 40 1 2 2
Penalty Kill - 3 Players Defense
Defense Defense Time % Phy DF OF
1 Aaron Ward Bryan Allen 60 1 2 2
2 Eric Gryba Stanislav Neckar 40 1 2 2
4 vs 4 Forward
Center Wing Time % Phy DF OF
1 Steven Stamkos Tyler Ennis 60 1 2 2
2 Logan Couture Alexander Radulov 40 1 2 2
4 vs 4 Defense
Defense Defense Time % Phy DF OF
1 Pernell Karl Subban Bryan Allen 60 1 2 2
2 Michael Del Zotto Aaron Ward 40 1 2 2
Last Minutes Offensive
Center Left Wing Right Wing Defense Defense
Steven Stamkos Tyler Ennis Alexander Radulov Michael Del Zotto Pernell Karl Subban
Last Minutes Defensive
Center Left Wing Right Wing Defense Defense
Tyler Kennedy Ruslan Fedotenko Petr Sykora Aaron Ward Stanislav Neckar
Goaltenders
Starting : Sebastien Caron
Backup : Anders Lindback
Extra Forwards
Normal : Logan Couture, Steven Stamkos, Tyler Ennis - PP : Martin Hanzal, Steven Stamkos - PK : Ruslan Fedotenko
Extra Defensemen
Normal : Stanislav Neckar, Pernell Karl Subban, Aaron Ward - PP : Michael Del Zotto - PK : Stanislav Neckar, Aaron Ward
Penalty Shots
Steven Stamkos, Tyler Ennis, Ruslan Fedotenko, Alexander Radulov, Martin Hanzal
Influenza
5 vs 5 Forward
Center Left Wing Right Wing Time % Phy DF OF
1 Ryan Carter Robbie Earl Blake Comeau 40 1 2 2
2 Cody McCormick Pierre-Cédric Labrie Martins Karsums 30 1 2 2
3 Marek Zagrapan Ryan Russell Ryan Vesce 20 1 2 2
4 Zac Dalpe Adam Berti Ben Smith 10 1 2 2
5 vs 5 Defense
Defense Defense Time % Phy DF OF
1 Noah Welch Tim Gleason 40 1 2 2
2 Jamie McBain Alexander Sulzer 30 1 2 2
3 Carl Gunnarsson Brian Salcido 20 1 2 2
4 Noah Welch Tim Gleason 10 1 2 2
PowerPlay Forward
Center Left Wing Right Wing Time % Phy DF OF
1 Ryan Carter Robbie Earl Blake Comeau 60 1 2 2
2 Cody McCormick Pierre-Cédric Labrie Martins Karsums 40 1 2 2
PowerPlay Defense
Defense Defense Time % Phy DF OF
1 Noah Welch Tim Gleason 60 1 2 2
2 Jamie McBain Alexander Sulzer 40 1 2 2
Penalty Kill 4 Players Forward
Center Wing Time % Phy DF OF
1 Blake Comeau Ryan Carter 60 1 2 2
2 Martins Karsums Ryan Vesce 40 1 2 2
Penalty Kill 4 Players Defense
Defense Defense Time % Phy DF OF
1 Noah Welch Tim Gleason 60 1 2 2
2 Jamie McBain Alexander Sulzer 40 1 2 2
Penalty Kill - 3 Players Forward
Forward Time % Phy DF OF
1 Blake Comeau 60 1 2 2
2 Ryan Carter 40 1 2 2
Penalty Kill - 3 Players Defense
Defense Defense Time % Phy DF OF
1 Noah Welch Tim Gleason 60 1 2 2
2 Jamie McBain Alexander Sulzer 40 1 2 2
4 vs 4 Forward
Center Wing Time % Phy DF OF
1 Blake Comeau Ryan Carter 60 1 2 2
2 Martins Karsums Ryan Vesce 40 1 2 2
4 vs 4 Defense
Defense Defense Time % Phy DF OF
1 Noah Welch Tim Gleason 60 1 2 2
2 Jamie McBain Alexander Sulzer 40 1 2 2
Last Minutes Offensive
Center Left Wing Right Wing Defense Defense
Ryan Carter Robbie Earl Blake Comeau Noah Welch Tim Gleason
Last Minutes Defensive
Center Left Wing Right Wing Defense Defense
Ryan Carter Robbie Earl Blake Comeau Noah Welch Tim Gleason
Goaltenders
Starting : Alex Stalock
Backup : Brent Krahn
Extra Forwards
Normal : Ben Smith, Marek Zagrapan, Zac Dalpe - PP : Ben Smith, Marek Zagrapan - PK : Zac Dalpe
Extra Defensemen
Normal : Carl Gunnarsson, Brian Salcido, Jamie McBain - PP : Carl Gunnarsson - PK : Brian Salcido, Jamie McBain
Penalty Shots
Blake Comeau, Ryan Carter, Martins Karsums, Ryan Vesce, Robbie Earl
% Time on Ice - Manchots
Lines # - Real PCT - Wanted PCT - Time Play
Normal Forward
1 - 33% - 40% - 14:48
2 - 29% - 38% - 13:06
3 - 25% - 20% - 11:06
4 - 14% - 2% - 6:12
Normal Defense
1 - 41% - 40% - 18:44
2 - 31% - 29% - 14:09
3 - 21% - 18% - 9:23
4 - 6% - 13% - 2:56
PP Forward
1 - 52% - 60% - 2:52
2 - 48% - 40% - 2:36
PP Defense
1 - 62% - 60% - 3:23
2 - 38% - 40% - 2:05
PK Forward
1 - 67% - 60% - 6:17
2 - 33% - 40% - 3:03
PK Defense
1 - 65% - 60% - 6:03
2 - 35% - 40% - 3:17
PK3 Forward
1 - 0% - 60%
2 - 0% - 40%
PK3 Defense
1 - 0% - 60%
2 - 0% - 40%
44 Forward
1 - 0% - 60%
2 - 0% - 40%
44 Defense
1 - 0% - 60%
2 - 0% - 40%
Last Minute Offensive - 0:00
Last Minute Defensive - 0:00
Total
Forward - 60:00
Defense - 60:00
|
% Time on Ice - Influenza
Lines # - Real PCT - Wanted PCT - Time Play
Normal Forward
1 - 31% - 40% - 14:06
2 - 30% - 30% - 13:38
3 - 25% - 20% - 11:19
4 - 14% - 10% - 6:09
Normal Defense
1 - 41% - 40% - 18:30
2 - 33% - 30% - 14:54
3 - 24% - 20% - 10:53
4 - 2% - 10% - 0:55
PP Forward
1 - 53% - 60% - 4:57
2 - 47% - 40% - 4:23
PP Defense
1 - 60% - 60% - 5:38
2 - 40% - 40% - 3:42
PK Forward
1 - 84% - 60% - 4:37
2 - 16% - 40% - 0:51
PK Defense
1 - 55% - 60% - 3:02
2 - 45% - 40% - 2:26
PK3 Forward
1 - 0% - 60%
2 - 0% - 40%
PK3 Defense
1 - 0% - 60%
2 - 0% - 40%
44 Forward
1 - 0% - 60%
2 - 0% - 40%
44 Defense
1 - 0% - 60%
2 - 0% - 40%
Last Minute Offensive - 0:00
Last Minute Defensive - 0:00
Total
Forward - 60:00
Defense - 60:00
|
Play by Play
1st period
0:01 of 1st period - Ryan Carter wins face-off versus Steven Stamkos in neutral zone.
0:49 of 1st period - Snap shot by Tim Gleason.
0:49 of 1st period - Shot Misses the Net.
0:53 of 1st period - Snap shot by Ryan Vesce.
0:53 of 1st period - Shot Misses the Net.
0:55 of 1st period - Slapshot by Noah Welch.
0:55 of 1st period - Shot Blocked by Bobby Butler.
0:57 of 1st period - Backhand shot by Ryan Vesce.
0:57 of 1st period - Shot Misses the Net.
0:59 of 1st period - Slapshot by Ryan Russell.
0:59 of 1st period - Stopped by Sebastien Caron with a rebound.
1:17 of 1st period - Snap shot by Cal Clutterbuck.
1:17 of 1st period - Shot Misses the Net.
1:19 of 1st period - Slapshot by Michael Del Zotto.
1:19 of 1st period - Stopped by Alex Stalock without a rebound.
1:20 of 1st period - Ryan Carter wins face-off versus Logan Couture in Influenza zone.
2:11 of 1st period - Off-side.
2:12 of 1st period - Logan Couture wins face-off versus Ryan Carter in neutral zone.
2:38 of 1st period - Jamie McBain is hit by Pernell Karl Subban and loses puck.
3:20 of 1st period - Wrist shot by Blake Comeau.
3:20 of 1st period - Shot Misses the Net.
3:33 of 1st period - Minor Penalty to Martin Hanzal for Hooking.
3:34 of 1st period - Tyler Kennedy wins face-off versus Ryan Carter in Manchots zone.
4:04 of 1st period - Icing by Pierre-Cédric Labrie.
4:05 of 1st period - Tyler Kennedy wins face-off versus Cody McCormick in Influenza zone.
4:18 of 1st period - Eric Gryba is hit by Ryan Carter and loses puck.
4:25 of 1st period - Snap shot by Ryan Carter.
4:25 of 1st period - Stopped by Sebastien Caron without a rebound.
4:26 of 1st period - Tyler Kennedy wins face-off versus Ryan Carter in Manchots zone.
4:41 of 1st period - Wrist shot by Ryan Carter.
4:41 of 1st period - Stopped by Sebastien Caron without a rebound.
4:42 of 1st period - Tyler Kennedy wins face-off versus Martins Karsums in Manchots zone.
4:53 of 1st period - Backhand shot by Noah Welch.
4:53 of 1st period - Stopped by Sebastien Caron with a rebound.
4:55 of 1st period - Wrist shot by Pierre-Cédric Labrie.
4:55 of 1st period - Stopped by Sebastien Caron with a rebound.
4:57 of 1st period - Slapshot by Cody McCormick.
4:57 of 1st period - Goal by Cody McCormick - Manchots : 0 - Influenza : 1.
4:58 of 1st period - Ryan Carter wins face-off versus Steven Stamkos in neutral zone.
5:51 of 1st period - Snap shot by Marek Zagrapan.
5:51 of 1st period - Stopped by Sebastien Caron with a rebound.
6:51 of 1st period - Pernell Karl Subban is hit by Pierre-Cédric Labrie and loses puck.
7:02 of 1st period - Slapshot by Martins Karsums.
7:02 of 1st period - Stopped by Sebastien Caron with a rebound.
7:54 of 1st period - Snap shot by Ruslan Fedotenko.
7:54 of 1st period - Shot Blocked by Carl Gunnarsson.
8:00 of 1st period - Ben Smith is hit by Aaron Ward and loses puck.
9:14 of 1st period - Logan Couture is hit by Cody McCormick and loses puck.
9:55 of 1st period - Marek Zagrapan is hit by Tyler Ennis and loses puck.
10:11 of 1st period - Jamie McBain is hit by Pernell Karl Subban and loses puck.
11:09 of 1st period - Petr Sykora is hit by Ben Smith and loses puck.
11:20 of 1st period - Jamie McBain is hit by Cal Clutterbuck and loses puck.
11:29 of 1st period - Slapshot by Tyler Kennedy.
11:29 of 1st period - Stopped by Alex Stalock with a rebound.
11:31 of 1st period - Slapshot by Pernell Karl Subban.
11:31 of 1st period - Shot Blocked by Jamie McBain.
11:41 of 1st period - Blake Comeau is hit by Stanislav Neckar and loses puck.
12:45 of 1st period - Bobby Butler is hit by Blake Comeau and loses puck.
13:00 of 1st period - Tyler Kennedy is hit by Ben Smith and loses puck.
13:04 of 1st period - Minor Penalty to Michael Del Zotto for Hooking.
13:05 of 1st period - Ryan Carter wins face-off versus Tyler Kennedy in Manchots zone.
13:38 of 1st period - Snap shot by Martin Hanzal.
13:38 of 1st period - Shot Misses the Net.
14:40 of 1st period - Pierre-Cédric Labrie is hit by Jamie Benn and loses puck.
14:41 of 1st period - Pierre-Cédric Labrie from Influenza is injured at 14:41 of 1st period (Left Knee).
14:42 of 1st period - Tyler Kennedy wins face-off versus Ryan Carter in Influenza zone.
14:53 of 1st period - Wrist shot by Petr Sykora.
14:53 of 1st period - Shot Misses the Net.
15:04 of 1st period - Penalty to Michael Del Zotto is over, Michael Del Zotto is back on ice.
15:19 of 1st period - Slapshot by Aaron Ward.
15:19 of 1st period - Stopped by Alex Stalock without a rebound.
15:20 of 1st period - Ryan Carter wins face-off versus Steven Stamkos in Influenza zone.
15:23 of 1st period - Wrist shot by Tyler Ennis.
15:23 of 1st period - Stopped by Alex Stalock without a rebound.
15:24 of 1st period - Steven Stamkos wins face-off versus Ryan Carter in Influenza zone.
15:25 of 1st period - Snap shot by Tyler Ennis.
15:25 of 1st period - Stopped by Alex Stalock without a rebound.
15:26 of 1st period - Steven Stamkos wins face-off versus Ryan Carter in Influenza zone.
15:55 of 1st period - Slapshot by Martins Karsums.
15:55 of 1st period - Shot Blocked by Stanislav Neckar.
16:03 of 1st period - Alexander Sulzer is hit by Pernell Karl Subban and loses puck.
16:14 of 1st period - Cody McCormick is hit by Cal Clutterbuck and loses puck.
17:01 of 1st period - Wrist shot by Ryan Carter.
17:01 of 1st period - Stopped by Sebastien Caron with a rebound.
17:49 of 1st period - Slapshot by Marek Zagrapan.
17:49 of 1st period - Shot Misses the Net.
18:07 of 1st period - Snap shot by Steven Stamkos.
18:07 of 1st period - Stopped by Alex Stalock without a rebound.
18:08 of 1st period - Cody McCormick wins face-off versus Steven Stamkos in Influenza zone.
18:17 of 1st period - Slapshot by Tim Gleason.
18:17 of 1st period - Deflect By Cody McCormick.
18:17 of 1st period - Stopped by Sebastien Caron with a rebound.
18:19 of 1st period - Snap shot by Noah Welch.
18:19 of 1st period - Stopped by Sebastien Caron without a rebound.
18:20 of 1st period - Tyler Ennis wins face-off versus Ryan Carter in Manchots zone.
18:20 of 1st period - Tyler Ennis is hit by Ryan Carter.
18:34 of 1st period - Minor Penalty to Ryan Carter for Roughing.
18:35 of 1st period - Blake Comeau wins face-off versus Steven Stamkos in Influenza zone.
19:23 of 1st period - Steven Stamkos is hit by Jamie McBain.
19:59 of 1st period - Blake Comeau is hit by Alexander Radulov and loses puck.
2nd period
0:01 of 2nd period - Steven Stamkos wins face-off versus Blake Comeau in neutral zone.
0:26 of 2nd period - Blake Comeau is hit by Bryan Allen and loses puck.
0:34 of 2nd period - Penalty to Ryan Carter is over, Ryan Carter is back on ice.
0:37 of 2nd period - Backhand shot by Bryan Allen.
0:37 of 2nd period - Stopped by Alex Stalock without a rebound.
0:38 of 2nd period - Cody McCormick wins face-off versus Logan Couture in Influenza zone.
0:43 of 2nd period - Logan Couture is hit by Ben Smith and loses puck.
0:54 of 2nd period - Wrist shot by Martins Karsums.
0:54 of 2nd period - Deflect By Cody McCormick.
0:54 of 2nd period - Shot Misses the Net.
0:54 of 2nd period - Puck is out of play.
0:55 of 2nd period - Ryan Carter wins face-off versus Steven Stamkos in Manchots zone.
1:10 of 2nd period - Wrist shot by Robbie Earl.
1:10 of 2nd period - Stopped by Sebastien Caron without a rebound.
1:11 of 2nd period - Logan Couture wins face-off versus Cody McCormick in Manchots zone.
2:16 of 2nd period - Snap shot by Ben Smith.
2:16 of 2nd period - Stopped by Sebastien Caron without a rebound.
2:17 of 2nd period - Zac Dalpe wins face-off versus Logan Couture in Manchots zone.
3:24 of 2nd period - Wrist shot by Logan Couture.
3:24 of 2nd period - Shot Misses the Net.
3:26 of 2nd period - Snap shot by Logan Couture.
3:26 of 2nd period - Deflect By Alexander Radulov.
3:26 of 2nd period - Stopped by Alex Stalock without a rebound.
3:27 of 2nd period - Robbie Earl wins face-off versus Steven Stamkos in Influenza zone.
3:56 of 2nd period - Slapshot by Ruslan Fedotenko.
3:56 of 2nd period - Goal by Ruslan Fedotenko - Manchots : 1 - Influenza : 1.
3:57 of 2nd period - Petr Sykora wins face-off versus Robbie Earl in neutral zone.
4:08 of 2nd period - Slapshot by Blake Comeau.
4:08 of 2nd period - Stopped by Sebastien Caron without a rebound.
4:09 of 2nd period - Steven Stamkos wins face-off versus Ryan Carter in Manchots zone.
4:09 of 2nd period - Steven Stamkos is hit by Noah Welch.
4:22 of 2nd period - Snap shot by Steven Stamkos.
4:22 of 2nd period - Shot Misses the Net.
4:24 of 2nd period - Slapshot by Pernell Karl Subban.
4:24 of 2nd period - Deflect By Tyler Ennis.
4:24 of 2nd period - Stopped by Alex Stalock without a rebound.
4:25 of 2nd period - Cody McCormick wins face-off versus Logan Couture in Influenza zone.
4:35 of 2nd period - Snap shot by Cody McCormick.
4:35 of 2nd period - Stopped by Sebastien Caron with a rebound.
4:41 of 2nd period - Snap shot by Martins Karsums.
4:41 of 2nd period - Shot Misses the Net.
4:55 of 2nd period - Blake Comeau is hit by Pernell Karl Subban and loses puck.
5:24 of 2nd period - Aaron Ward is hit by Alexander Sulzer.
5:33 of 2nd period - Icing by Alexander Sulzer.
5:34 of 2nd period - Marek Zagrapan wins face-off versus Cal Clutterbuck in Influenza zone.
5:39 of 2nd period - Bryan Allen is hit by Alexander Sulzer and loses puck.
6:06 of 2nd period - Wrist shot by Blake Comeau.
6:06 of 2nd period - Stopped by Sebastien Caron without a rebound.
6:07 of 2nd period - Steven Stamkos wins face-off versus Ryan Carter in Manchots zone.
6:24 of 2nd period - Stanislav Neckar is hit by Robbie Earl and loses puck.
6:29 of 2nd period - Snap shot by Blake Comeau.
6:29 of 2nd period - Shot Misses the Net.
6:41 of 2nd period - Wrist shot by Blake Comeau.
6:41 of 2nd period - Stopped by Sebastien Caron without a rebound.
6:42 of 2nd period - Cody McCormick wins face-off versus Logan Couture in Manchots zone.
7:09 of 2nd period - Ruslan Fedotenko is hit by Ryan Vesce and loses puck.
7:16 of 2nd period - Slapshot by Jamie McBain.
7:16 of 2nd period - Shot Hit the Post.
7:18 of 2nd period - Snap shot by Ryan Vesce.
7:18 of 2nd period - Shot Misses the Net.
8:00 of 2nd period - Wrist shot by Steven Stamkos.
8:00 of 2nd period - Stopped by Alex Stalock with a rebound.
8:25 of 2nd period - Wrist shot by Marek Zagrapan.
8:25 of 2nd period - Shot Misses the Net.
9:29 of 2nd period - Snap shot by Tyler Kennedy.
9:29 of 2nd period - Shot Misses the Net.
10:22 of 2nd period - Wrist shot by Logan Couture.
10:22 of 2nd period - Deflect By Alexander Radulov.
10:22 of 2nd period - Shot Misses the Net.
10:22 of 2nd period - Puck is out of play.
10:23 of 2nd period - Cody McCormick wins face-off versus Petr Sykora in Influenza zone.
10:23 of 2nd period - Cody McCormick is hit by Petr Sykora.
10:37 of 2nd period - Snap shot by Martins Karsums.
10:37 of 2nd period - Stopped by Sebastien Caron with a rebound.
10:39 of 2nd period - Snap shot by Cody McCormick.
10:39 of 2nd period - Stopped by Sebastien Caron without a rebound.
10:40 of 2nd period - Ryan Carter wins face-off versus Logan Couture in Manchots zone.
10:56 of 2nd period - Snap shot by Jamie Benn.
10:56 of 2nd period - Stopped by Alex Stalock with a rebound.
11:06 of 2nd period - Petr Sykora is hit by Ben Smith and loses puck.
11:26 of 2nd period - Minor Penalty to Martin Hanzal for Hooking.
11:27 of 2nd period - Tyler Kennedy wins face-off versus Ryan Carter in Manchots zone.
11:27 of 2nd period - Tyler Kennedy is hit by Jamie McBain.
11:52 of 2nd period - Off-side.
11:53 of 2nd period - Cody McCormick wins face-off versus Logan Couture in neutral zone.
12:02 of 2nd period - Snap shot by Martins Karsums.
12:02 of 2nd period - Shot Hit the Post.
12:04 of 2nd period - Snap shot by Cody McCormick.
12:04 of 2nd period - Stopped by Sebastien Caron without a rebound.
12:05 of 2nd period - Ryan Carter wins face-off versus Tyler Kennedy in Manchots zone.
12:14 of 2nd period - Tyler Kennedy is hit by Robbie Earl and loses puck.
13:26 of 2nd period - Penalty to Martin Hanzal is over, Martin Hanzal is back on ice.
13:43 of 2nd period - Ryan Vesce is hit by Martin Hanzal and loses puck.
14:12 of 2nd period - Tyler Kennedy is hit by Robbie Earl and loses puck.
15:37 of 2nd period - Icing by Noah Welch.
15:38 of 2nd period - Steven Stamkos wins face-off versus Marek Zagrapan in Influenza zone.
15:54 of 2nd period - Icing by Aaron Ward.
15:55 of 2nd period - Ryan Carter wins face-off versus Steven Stamkos in Manchots zone.
16:28 of 2nd period - Snap shot by Alexander Radulov.
16:28 of 2nd period - Stopped by Alex Stalock with a rebound.
16:30 of 2nd period - Snap shot by Logan Couture.
16:30 of 2nd period - Shot Blocked by Brian Salcido.
16:40 of 2nd period - Snap shot by Ryan Vesce.
16:40 of 2nd period - Stopped by Sebastien Caron without a rebound.
16:40 of 2nd period - Minor Penalty to Martin Hanzal for Roughing.
16:41 of 2nd period - Tyler Kennedy wins face-off versus Ryan Carter in Manchots zone.
16:41 of 2nd period - Tyler Kennedy is hit by Robbie Earl.
17:37 of 2nd period - Backhand shot by Robbie Earl.
17:37 of 2nd period - Shot Misses the Net.
17:39 of 2nd period - Slapshot by Noah Welch.
17:39 of 2nd period - Deflect By Blake Comeau.
17:39 of 2nd period - Shot Misses the Net.
17:39 of 2nd period - Puck is out of play.
17:40 of 2nd period - Tyler Kennedy wins face-off versus Ryan Carter in Manchots zone.
17:51 of 2nd period - Stanislav Neckar is hit by Ryan Carter and loses puck.
18:04 of 2nd period - Stanislav Neckar is hit by Ben Smith and loses puck.
18:40 of 2nd period - Penalty to Martin Hanzal is over, Martin Hanzal is back on ice.
18:45 of 2nd period - Snap shot by Ryan Vesce.
18:45 of 2nd period - Stopped by Sebastien Caron without a rebound.
18:46 of 2nd period - Bobby Butler wins face-off versus Marek Zagrapan in Manchots zone.
19:09 of 2nd period - Blake Comeau is hit by Alexander Radulov and loses puck.
19:28 of 2nd period - Wrist shot by Ben Smith.
19:28 of 2nd period - Shot Misses the Net.
19:30 of 2nd period - Wrist shot by Ben Smith.
19:30 of 2nd period - Shot Misses the Net.
19:32 of 2nd period - Snap shot by Ben Smith.
19:32 of 2nd period - Stopped by Sebastien Caron with a rebound.
19:34 of 2nd period - Slapshot by Alexander Sulzer.
19:34 of 2nd period - Shot Misses the Net.
19:38 of 2nd period - Snap shot by Ben Smith.
19:38 of 2nd period - Stopped by Sebastien Caron with a rebound.
19:40 of 2nd period - Slapshot by Adam Berti.
19:40 of 2nd period - Shot Blocked by Pernell Karl Subban.
19:52 of 2nd period - Wrist shot by Ruslan Fedotenko.
19:52 of 2nd period - Shot Blocked by Marek Zagrapan.
19:54 of 2nd period - Snap shot by Martin Hanzal.
19:54 of 2nd period - Stopped by Alex Stalock with a rebound.
19:56 of 2nd period - Wrist shot by Bobby Butler.
19:56 of 2nd period - Shot Misses the Net.
19:58 of 2nd period - Snap shot by Pernell Karl Subban.
19:58 of 2nd period - Shot Blocked by Noah Welch.
3rd period
0:01 of 3rd period - Logan Couture wins face-off versus Ryan Carter in neutral zone.
0:29 of 3rd period - Icing by Steven Stamkos.
0:30 of 3rd period - Cody McCormick wins face-off versus Steven Stamkos in Manchots zone.
1:15 of 3rd period - Backhand shot by Martins Karsums.
1:15 of 3rd period - Stopped by Sebastien Caron with a rebound.
1:23 of 3rd period - Slapshot by Jamie McBain.
1:23 of 3rd period - Deflect By Petr Sykora.
1:23 of 3rd period - Stopped by Sebastien Caron without a rebound.
1:24 of 3rd period - Ryan Carter wins face-off versus Logan Couture in Manchots zone.
1:29 of 3rd period - Slapshot by Ryan Carter.
1:29 of 3rd period - Deflect By Blake Comeau.
1:29 of 3rd period - Goal by Blake Comeau - Manchots : 1 - Influenza : 2.
1:30 of 3rd period - Logan Couture wins face-off versus Ryan Carter in neutral zone.
1:30 of 3rd period - Logan Couture is hit by Blake Comeau.
2:14 of 3rd period - Off-side.
2:15 of 3rd period - Martin Hanzal wins face-off versus Marek Zagrapan in neutral zone.
2:18 of 3rd period - Minor Penalty to Martin Hanzal for Tripping.
2:19 of 3rd period - Blake Comeau wins face-off versus Tyler Kennedy in Manchots zone.
2:28 of 3rd period - Slapshot by Blake Comeau.
2:28 of 3rd period - Shot Blocked by Bryan Allen.
4:14 of 3rd period - Robbie Earl is hit by Aaron Ward and loses puck.
4:18 of 3rd period - Penalty to Martin Hanzal is over, Martin Hanzal is back on ice.
6:00 of 3rd period - Brian Salcido is hit by Bobby Butler and loses puck.
6:38 of 3rd period - Zac Dalpe is hit by Cal Clutterbuck.
7:26 of 3rd period - Off-side.
7:27 of 3rd period - Cody McCormick wins face-off versus Martin Hanzal in neutral zone.
7:47 of 3rd period - Off-side.
7:48 of 3rd period - Logan Couture wins face-off versus Marek Zagrapan in neutral zone.
8:13 of 3rd period - Bobby Butler is hit by Tim Gleason and loses puck.
8:22 of 3rd period - Snap shot by Blake Comeau.
8:22 of 3rd period - Stopped by Sebastien Caron without a rebound.
8:23 of 3rd period - Cody McCormick wins face-off versus Logan Couture in Manchots zone.
8:32 of 3rd period - Snap shot by Cody McCormick.
8:32 of 3rd period - Shot Blocked by Michael Del Zotto.
8:48 of 3rd period - Robbie Earl is hit by Steven Stamkos and loses puck.
8:52 of 3rd period - Minor Penalty to Robbie Earl for Slashing.
8:53 of 3rd period - Blake Comeau wins face-off versus Steven Stamkos in Influenza zone.
9:32 of 3rd period - Snap shot by Jamie Benn.
9:32 of 3rd period - Shot Misses the Net.
10:52 of 3rd period - Penalty to Robbie Earl is over, Robbie Earl is back on ice.
10:54 of 3rd period - Robbie Earl is hit by Eric Tangradi and loses puck.
10:59 of 3rd period - Snap shot by Martin Hanzal.
10:59 of 3rd period - Shot Blocked by Tim Gleason.
11:01 of 3rd period - Snap shot by Bobby Butler.
11:01 of 3rd period - Stopped by Alex Stalock with a rebound.
11:35 of 3rd period - Marek Zagrapan is hit by Eric Gryba and loses puck.
12:14 of 3rd period - Alexander Sulzer is hit by Eric Gryba and loses puck.
13:33 of 3rd period - Stanislav Neckar is hit by Adam Berti and loses puck.
14:01 of 3rd period - Aaron Ward is hit by Ben Smith and loses puck.
14:30 of 3rd period - Pernell Karl Subban is hit by Tim Gleason and loses puck.
14:43 of 3rd period - Robbie Earl is hit by Ruslan Fedotenko and loses puck.
15:36 of 3rd period - Icing by Brian Salcido.
15:37 of 3rd period - Cody McCormick wins face-off versus Logan Couture in Influenza zone.
15:50 of 3rd period - Carl Gunnarsson is hit by Ruslan Fedotenko and loses puck.
16:22 of 3rd period - Slapshot by Pernell Karl Subban.
16:22 of 3rd period - Stopped by Alex Stalock without a rebound.
16:23 of 3rd period - Cody McCormick wins face-off versus Logan Couture in Influenza zone.
16:30 of 3rd period - Snap shot by Alexander Radulov.
16:30 of 3rd period - Stopped by Alex Stalock without a rebound.
16:31 of 3rd period - Marek Zagrapan wins face-off versus Martin Hanzal in Influenza zone.
16:40 of 3rd period - Snap shot by Ryan Vesce.
16:40 of 3rd period - Stopped by Sebastien Caron without a rebound.
16:41 of 3rd period - Martin Hanzal wins face-off versus Marek Zagrapan in Manchots zone.
16:50 of 3rd period - Ryan Russell is hit by Martin Hanzal and loses puck.
16:55 of 3rd period - Wrist shot by Ruslan Fedotenko.
16:55 of 3rd period - Stopped by Alex Stalock with a rebound.
16:57 of 3rd period - Wrist shot by Stanislav Neckar.
16:57 of 3rd period - Shot Misses the Net.
16:59 of 3rd period - Slapshot by Stanislav Neckar.
16:59 of 3rd period - Deflect By Ryan Vesce.
16:59 of 3rd period - Stopped by Alex Stalock with a rebound.
17:01 of 3rd period - Wrist shot by Martin Hanzal.
17:01 of 3rd period - Goal by Martin Hanzal - Manchots : 2 - Influenza : 2.
17:02 of 3rd period - Ryan Russell wins face-off versus Ruslan Fedotenko in neutral zone.
17:13 of 3rd period - Snap shot by Ryan Vesce.
17:13 of 3rd period - Goal by Ryan Vesce - Manchots : 2 - Influenza : 3.
17:14 of 3rd period - Marek Zagrapan wins face-off versus Martin Hanzal in neutral zone.
17:21 of 3rd period - Wrist shot by Ryan Vesce.
17:21 of 3rd period - Stopped by Sebastien Caron without a rebound.
17:22 of 3rd period - Marek Zagrapan wins face-off versus Martin Hanzal in Manchots zone.
17:25 of 3rd period - Backhand shot by Ryan Russell.
17:25 of 3rd period - Shot Misses the Net.
17:27 of 3rd period - Wrist shot by Marek Zagrapan.
17:27 of 3rd period - Shot Misses the Net.
17:29 of 3rd period - Wrist shot by Marek Zagrapan.
17:29 of 3rd period - Shot Blocked by Ruslan Fedotenko.
17:49 of 3rd period - Wrist shot by Martin Hanzal.
17:49 of 3rd period - Stopped by Alex Stalock with a rebound.
18:28 of 3rd period - Snap shot by Ruslan Fedotenko.
18:28 of 3rd period - Shot Misses the Net.
18:29 of 3rd period - Minor Penalty to Ryan Vesce for Tripping.
18:30 of 3rd period - Steven Stamkos wins face-off versus Blake Comeau in Influenza zone.
19:15 of 3rd period - Tim Gleason is hit by Bryan Allen and loses puck.
Output by the SimonT Hockey Simulator (STHS) for François Prévost -- Original Page W3C XHTML 1.0 Valid